 Seeded DCSS version 0.30.1-4-g462c640d31 (webtiles) character file.

Game seed: 6351066067085065685 (custom seed)

14 Esekla the Grave Robber (level 2, -2/15 HPs)
             Began as a Deep Elf Necromancer on Aug 18, 2023.
             Was an Initiate of Vehumet.
             Slain by a hound (3 damage)
             ... on level 3 of the Dungeon.
             The game lasted 00:04:36 (903 turns).

Esekla the Grave Robber (Deep Elf Necromancer)       Turns: 903, Time: 00:04:37

Health: -2/15      AC:  4    Str:  5    XL:     2   Next: 31%
Magic:  8/8        EV: 12    Int: 19    God:    Vehumet [......]
Gold:   67         SH:  0    Dex: 15    Spells: 6/7 levels left

rFire   . . .        m - +0 dagger
rCold   . . .        (no shield)
rNeg    . . .        a - +0 robe
rPois   .            j - +0 helmet
rElec   .            (no cloak)
rCorr   .            k - +0 pair of gloves
SInv    .            (no boots)
Will    .....        (no amulet)
Stlth   ++           (no ring)
HPRegen 0.22/turn    (no ring)
MPRegen 0.11/turn

%: no passive effects
@: no status effects
A: no striking features
a: Renounce Religion


You were on level 3 of the Dungeon.
You worshipped Vehumet.
Vehumet was noncommittal.
You visited 1 branch of the dungeon, and saw 4 of its levels.

You collected 67 gold pieces.

Inventory:

Hand Weapons
 m - a +0 dagger (weapon)
Armour
 a - a +0 robe (worn)
 j - a +0 helmet (worn)
 k - a +0 pair of gloves (worn)
Scrolls
 c - a scroll of enchant armour {unknown}
 e - a scroll of fear {unknown}
 f - 2 scrolls of identify {unknown}
Potions
 b - a potion of magic
 d - a potion of ambrosia {unknown}
 g - a potion of haste {unknown}
 h - 2 potions of curing {unknown}
 i - a potion of mutation {unknown}
 l - a potion of attraction {unknown}


   Skills:
 + Level 0.1 Short Blades
 * Level 2.6 Dodging
 + Level 2.7 Stealth
 * Level 3.1 Spellcasting
 + Level 5.3 Necromancy


You had 6 spell levels left.
You knew the following spells:

 Your Spells              Type           Power      Damage    Failure   Level
a - Necrotise             Necr           92%        1d8       1%          1

Your spell library contained the following spells:

 Spells                   Type           Power      Damage    Failure   Level
 Vampiric Draining        Necr           23%        2d7       4%          3
 Animate Dead             Necr           23%        N/A       17%         4
 Agony                    Necr           23%        N/A       43%         5


Dungeon Overview and Level Annotations

Branches:
Dungeon (4/15)
 Temple: D:4-7

Altars:
Hepliaklqana
Okawaru
Qazlal
Trog
Vehumet
Zin


Message History

The hound is lightly wounded.
The hound bites you. The hound bites you but does no damage.
You hit the hound.
The hound is moderately wounded.
The hound bites you.
You closely miss the hound.
The hound is moderately wounded.
The hound barely misses you. The hound bites you but does no damage.
You hit the hound but do no damage.
The hound is moderately wounded.
The hound bites you.
You barely miss the hound.
The hound is moderately wounded.
The hound barely misses you. x2
You hit the hound but do no damage.
The hound is moderately wounded.
The hound barely misses you.
You completely miss the hound.
The hound is moderately wounded.
The hound bites you. The hound barely misses you.
You closely miss the hound.
The hound is moderately wounded.
The hound barely misses you.
You barely miss the hound.
The hound is moderately wounded.
The hound bites you but does no damage. The hound bites you.
You hit the hound.
The hound is heavily wounded.
The hound bites you.
You closely miss the hound.
The hound is heavily wounded.
The hound bites you but does no damage. The hound misses you.
You hit the hound.
The hound is severely wounded.
The hound bites you.
* * * LOW HITPOINT WARNING * * *
You miss the hound.
The hound is severely wounded.
The hound bites you.
You die...

#.# ##.........
#.# #._.....#
#.# #....... #.#
#....# #.#
#.##h# #.#
#....# #.#
####.#
#.############.#
#.......@h.....#
#.############.#
### ###


You could see a hound.

Vanquished Creatures
  3 ball pythons (D:1)
  2 bats
  An endoplasm (D:3)
  2 goblins
  A hobgoblin (D:3)
  3 kobolds
12 creatures vanquished.

Notes
Turn   | Place    | Note
-------+----------+-------------------------------------------
     0 | D:1      | Esekla the Deep Elf Necromancer began the quest for the
                  | Orb.
     0 | D:1      | Reached XP level 1. HP: 10/10 MP: 6/6
    92 | D:1      | Reached skill level 5 in Necromancy
   234 | D:1      | Reached XP level 2. HP: 13/15 MP: 8/8
   290 | D:2      | Noticed a black bear
   486 | D:4      | Found a glowing silver altar of Zin.
   527 | D:4      | Found an iron altar of Okawaru.
   540 | D:4      | Found a radiant altar of Vehumet.
   544 | D:4      | Became a worshipper of Vehumet
   850 | D:3      | Found a stormy altar of Qazlal.
   878 | D:3      | Found a hazy altar of Hepliaklqana.
   880 | D:3      | Found a bloodstained altar of Trog.
   903 | D:3      | Slain by a hound

Illustrated notes

Levels and vault maps discovered:
D:1:      sevenhm_arrival_forest_fort_small_3, layout_rooms,
          chequers_serial_rivers_room_b, minmay_misc_feat_five
D:2:      layout_loops_ring, dreamdust_ecumenical_altar_angels_and_demons,
          serial_shops, shop
D:3:      layout_basic, grunt_temple_overflow_open, minmay_misc_feat_iff
D:4:      layout_basic, nicolae_overflow_quartered_altars, serial_shops,
          nicolae_diamond_shop

Skill      XL: |  1 |
---------------+----+-----
Necromancy     | 5 |  5.3
Short Blades   | |  0.1
Dodging        | |  2.6
Stealth        | |  2.7
Spellcasting   | |  3.1

Action                     || total
---------------------------++-------
  Melee: Short sword       ||    41
         Unarmed           ||     9
         Dagger            ||    35
         Punch             ||     3
   Stab: Sleeping          ||     1
 Armour: Robe              ||    14
  Dodge: Dodged            ||    55
